 Dungeon Crawl Stone Soup version 0.17-a0-1899-ge84b1df (webtiles) character file.

221 lordfwahfnah the Shield-Bearer (level 6, -1/48 HPs)
             Began as a Formicid Fighter on Sept 22, 2015.
             Slain by Pikel
             ... wielding a +0 whip of electrocution
              (20 damage)
             ... on level 4 of the Dungeon on Sept 24, 2015.
             The game lasted 00:10:16 (2727 turns).

lordfwahfnah the Shield-Bearer (Formicid Fighter)   Turns: 2727, Time: 00:10:16

Health: -1/48      AC:  8    Str: 22    XL:     6   Next: 19%
Magic:  6/6        EV:  5    Int:  8    God:
Gold:   149        SH:  9    Dex: 10    Spells: 0 memorised, 5 levels left

rFire  . . .     SeeInvis +     j - +1 long sword (holy)
rCold  . . .     Clarity  .     o - +0 chain mail
rNeg   . . .     SustAt   .     c - +0 shield
rPois  .         Gourm    .     (helmet unavailable)
rElec  .         Spirit   .     (no cloak)
rCorr  .         Warding  .     (no gloves)
rMut   .         Stasis   +     (no boots)
MR     .....                    (no amulet)
Stlth  ..........               (no ring)
                                (no ring)

@: heavily drained, not resistant to hostile enchantments, extremely unstealthy
A: permanent stasis, dig shafts and tunnels, four strong arms, antennae 3
a: Dig, Shaft Self


You were on level 4 of the Dungeon.
You were not hungry.

You visited 1 branch of the dungeon, and saw 4 of its levels.

You collected 149 gold pieces.

Inventory:

Hand weapons
 a - a +0 long sword
 j - a +1 long sword of holy wrath (weapon)
 u - a +1 flail of draining
 v - a +2 dagger of draining
Armour
 b - a +0 scale mail
 c - a +0 shield (worn)
 m - a +1 ring mail
 o - a +0 chain mail (worn)
Magical devices
 q - a wand of paralysis (19)
Scrolls
 f - 2 scrolls of noise {unknown}
 i - 2 scrolls of identify
 p - a scroll of enchant armour
 t - a scroll of immolation {unknown}
 w - 3 scrolls of remove curse {unknown}
Potions
 d - 2 potions of might
 k - a potion of haste {unknown}
 s - a potion of lignification {unknown}
Comestibles
 e - 4 bread rations
 g - 3 beef jerkies
 l - a fruit
 n - a slice of pizza
 r - a meat ration


   Skills:
 + Level 4.0(1.5) Fighting
 * Level 2.9(0.5) Long Blades
 + Level 4.2(1.7) Armour
 + Level 2.3(0.0) Dodging
 + Level 5.0(2.4) Shields


You had 5 spell levels left.
You didn't know any spells.

Dungeon Overview and Level Annotations

Branches:
Dungeon (4/15)
 Temple: D:4-7

Altars:
Zin

Annotations:
D:4 Pikel


Innate Abilities, Weirdness & Mutations

You are under a permanent stasis effect.
You can dig through walls and to a lower floor.
Your four strong arms can wield two-handed weapons with a shield.
You have a pair of large antennae on your head (SInv).


Message History

Pikel hits you but does no damage.
You are electrocuted!
* * * LOW HITPOINT WARNING * * *
Unknown command.
Drink which item? (? for menu, Esc to quit)
You feel much better. Pikel hits you but does no damage.
You are electrocuted!
You miss Pikel. Pikel barely misses you.
Pikel hits you with a whip of electrocution.
Your shield and chain mail prevent you from hitting Pikel.
Pikel hits you but does no damage.
You closely miss Pikel. You block Pikel's attack.
You barely miss Pikel. You block Pikel's attack.
Pikel hits you but does no damage.
You slash Pikel!
Pikel is moderately wounded.
Pikel hits you but does no damage.
You hit Pikel.
Pikel is moderately wounded.
Pikel hits you but does no damage. x2
You are electrocuted!
You die...

##.#.# .# #.#.#
.# #...# .#
###.# .#
#.#####.#
######.......#
...........#.##
############.###
######.#@# {
.........#K#{
........###pp
.#####.#. ### #.
# #. #. #.


You could see Pikel and 2 slaves.

Vanquished Creatures
  An orc wizard (D:4)
  A giant frog skeleton (D:4)
  An orc priest (D:4)
  4 adders
  4 oozes
  2 worms (D:2)
  3 giant geckos
  5 orcs
  11 bats
  7 hobgoblins
  8 jackals (D:4)
  2 quokkas (D:3)
  A ball python (D:1)
  5 giant newts
  8 goblins
  7 kobolds
  7 rats
77 creatures vanquished.

Notes
Turn   | Place    | Note
--------------------------------------------------------------
     0 | D:1      | lordfwahfnah the Formicid Fighter began the quest for the Orb.
     0 | D:1      | Reached XP level 1. HP: 18/18 MP: 1/1
   189 | D:1      | Reached XP level 2. HP: 12/24 MP: 2/2
   470 | D:1      | Reached skill level 4 in Shields
   470 | D:1      | Reached XP level 3. HP: 19/29 MP: 3/3
   743 | D:2      | Reached skill level 1 in Dodging
   804 | D:2      | Reached XP level 4. HP: 34/37 MP: 4/4
   814 | D:2      | Upgraded the game from 0.17-a0-1882-g750edc8 to 0.17-a0-1899-ge84b1df
  1996 | D:3      | Reached XP level 5. HP: 38/42 MP: 5/5
  2125 | D:3      | Found a glowing silver altar of Zin.
  2610 | D:4      | Reached XP level 6. HP: 37/48 MP: 6/6
  2691 | D:4      | Reached skill level 5 in Shields
  2715 | D:4      | Noticed a slave
  2717 | D:4      | Noticed Pikel
  2717 | D:4      | Noticed a slave
  2727 | D:4      | Slain by Pikel

Vault maps used:
D:1:      dpeg_arrival_lava_temple_mockup
D:2:      minmay_misc_feat_plants
D:3:      old_standard_altar
D:4:      grunt_temple_overflow_forces_of_nature, first_bread, uniq_pikel,
          uniq_blork_the_orc

Action                   |  1- 3 |  4- 6 || total
-------------------------+-------+-------++-------
Melee: Long sword        |    97 |   193 ||   290
  Use: Scroll            |       |     4 ||     4
       Potion            |       |     1 ||     1
  Eat: Bread ration      |       |     1 ||     1
       Chunk             |       |     2 ||     2
